 Dungeon Crawl Stone Soup version bcrawl-1.41 (webtiles) character file.

Game seed: 6638139673749656083

136319 yrara the Cudgeler (level 3, -8/29 HPs)
             Began as a Demonspawn Fighter on Mar 26, 2024.
             Mangled by an ogre
             ... wielding a cursed -2 giant club
              (18 damage)
             ... on level 2 of the Dungeon.
             The game lasted 00:01:25 (1348 turns).

yrara the Cudgeler (Demonspawn Fighter)             Turns: 1348, Time: 00:01:26

Health: -8/29      AC:  7    Str: 21    XL:     3   Next: 89%
Magic:  4/4        EV:  9    Int:  9    God:
Gold:   229        SH:  0    Dex: 13    Spells: 2/2 levels left

rFire    . . .     GDR:     28% a - +1 flail
rCold    . . .     SeeInvis .   (no shield)
rNeg     . . .     Gourm    .   b - +0 scale mail
rPois    .         Faith    .   r - +0 helmet
rElec    +         Spirit   .   h - scarf {clouds}
rCorr    .         Reflect  .   (no gloves)
MR       .....                  (no boots)
Stlth    ..........             (no amulet)
HPRegen  0.14/turn              f - ring of insulation
MPRegen  0.09/turn              (no ring)

@: mighty
A: spiny 1, rot immunity
a: Evoke Fog


You were on level 2 of the Dungeon.
You were not hungry.

You visited 1 branch of the dungeon, and saw 2 of its levels.

You collected 229 gold pieces.

Inventory:

Hand Weapons
 a - a +1 flail (weapon)
Missiles
 g - 202 arrows
Armour
 b - a +0 scale mail (worn)
 c - a +0 medium shield
 h - a scarf of clouds (worn)
 r - a +0 helmet (worn)
Jewellery
 f - a ring of insulation (left hand)
Wands
 n - a wand of random effects (15)
Scrolls
 i - a scroll of identify
 q - a scroll of amnesia {unknown}
 t - a scroll of teleportation {unknown}
Potions
 j - a potion of cancellation
 k - a potion of haste {unknown}
 l - a potion of lignification {unknown}
 m - 2 potions of agility {unknown}
 s - a potion of brilliance {unknown}
Comestibles
 e - 4 rations {!d}
 o - 3 chunks of flesh


   Skills:
 + Level 3.1 Fighting
 * Level 3.4 Maces & Flails
 + Level 3.0 Armour
 + Level 0.3 Dodging
 - Level 2.6 Shields


You had 2 spell levels left.
You didn't know any spells.
Your spell library was empty.

Dungeon Overview and Level Annotations

Branches:
Dungeon (2/12)

Altars:


Innate Abilities, Weirdness & Mutations

You are partially covered in sharp spines.
You are immune to rotting.


Message History

Your scale mail prevents you from hitting the ogre.
The ogre hits you with a cursed -2 giant club!!
Ouch! That really hurt!
You are too injured to fight recklessly!
You are too injured to fight recklessly!
You are too injured to fight recklessly!
You are too injured to fight recklessly!
You are too injured to fight recklessly!
You are too injured to fight recklessly!
You are too injured to fight recklessly!
You are too injured to fight recklessly!
You are too injured to fight recklessly!
You are too injured to fight recklessly!
You are too injured to fight recklessly!
You sock the ogre!
The ogre is moderately wounded.
The ogre is struck by your spines.
The ogre hits you with a cursed -2 giant club!!
Ouch! That really hurt!
You die...

.# #.## ....##
#...#
......#....
#.# #.........
#.# #..##....
... #..# ...
#.# #..# #O#
#.# #.†# #@#
#.# #..###.#
#.# #......#
######.#
##.#####
.......#####.#
.............#
##############


You could see an ogre.

Vanquished Creatures
  2 worms
  A dart slug (D:1)
  6 leopard geckos (D:1)
  4 giant cockroaches
  2 goblins (D:2)
  2 hobgoblins
  6 jackals (D:1)
  A quokka (D:2)
  8 bats (D:1)
  3 frilled lizards
  2 kobolds (D:1)
  12 rats
49 creatures vanquished.

Notes
Turn   | Place    | Note
-------+----------+-------------------------------------------
     0 | D:1      | yrara the Demonspawn Fighter began the quest for the Orb.
     0 | D:1      | Reached XP level 1. HP: 18/18 MP: 2/2
   321 | D:1      | Gained mutation: You are immune to rotting. [demonic
                  | ancestry]
   321 | D:1      | Reached XP level 2. HP: 22/24 MP: 3/3
   431 | D:1      | Gained mutation: You are partially covered in sharp spines.
                  | [demonic ancestry]
   431 | D:1      | Reached XP level 3. HP: 23/29 MP: 4/4
  1343 | D:2      | Noticed an ogre
  1348 | D:2      | Mangled by an ogre

Skill      XL: |  1  2  3 |
---------------+----------+-----
Maces & Flails | 2 3 |  3.4
Armour         | 3 |  3.0
Fighting       | |  3.1
Dodging        | |  0.3
Shields        | |  2.6

Action                   || total
-------------------------++-------
Melee: Flail             ||   135
  Use: Scroll            ||     3
       Potion            ||     1
  Eat: Chunk             ||     6
Armor: Scale mail        ||    68
       Leather armour    ||     3
Dodge: Dodged            ||    63
